Map: Royal Blood LE

Players

AgentBunz

  • Race: Protoss Protoss
  • League: Diamond
  • Spawn Location: 1:00

Xenos - Winner!

  • Race: Protoss Protoss
  • League: Diamond
  • Spawn Location: 7:00

VOD

Have the link to the VOD?

Description

Time

  • Played on: Sept. 11, 2023, 10:33 p.m.
  • Length: 31:59
Show
View Real Time Build Order
Export as new Build Order

AgentBunz Protoss 

Build Orders: Carriers, Chargelot Immortal 

Get SALT Encoding   

  12  0:00  Probe  
  13  0:12  Probe  
  14  0:17  Pylon  
  14  0:24  Probe  
  15  0:37  Gateway, Probe (Chrono Boost)  
  16  0:43  Assimilator  
  16  0:48  Probe (Chrono Boost)  
  17  0:53  Probe (Chrono Boost)  
  18  1:05  Gateway  
  18  1:06  Probe  
  19  1:14  Assimilator  
  19  1:18  Probe  
  20  1:26  Cybernetics Core  
  20  1:30  Probe  
  21  1:40  Pylon  
  21  1:43  Probe  
  22  1:56  Probe  
  23  2:02  Stalker x2 (Chrono Boost)  
  23  2:03  Warp Gate  
  27  2:24  Pylon  
  27  2:29  Adept x2 (Chrono Boost)  
  31  2:50  Nexus  
  31  3:01  Shield Battery  
  31  3:09  Stalker  
  33  3:13  Stalker  
  34  3:20  Probe  
  35  3:37  Robotics Facility  
  31  4:03  Probe (Chrono Boost)  
  31  4:05  Stalker x2  
  31  4:09  Probe (Chrono Boost)  
  37  4:16  Probe (Chrono Boost)  
  38  4:17  Gateway  
  38  4:19  Probe (Chrono Boost)  
  38  4:21  Pylon  
  39  4:26  Immortal (Chrono Boost)  
  43  4:40  Stalker  
  43  4:42  Stalker  
  47  4:48  Probe x2  
  49  4:59  Immortal (Chrono Boost)  
  47  5:03  Probe  
  47  5:05  Probe  
  53  5:15  Probe  
  53  5:17  Probe  
  55  5:27  Probe  
  55  5:28  Stalker, Gateway  
  56  5:29  Probe  
  59  5:35  Pylon  
  59  5:38  Observer  
  59  5:40  Probe  
  61  5:45  Pylon  
  61  5:49  Probe  
  62  5:57  Twilight Council  
  62  6:00  Sentry  
  62  6:01  Forge  
  64  6:06  Probe x2  
  66  6:15  Immortal  
  66  6:18  Probe x2  
  72  6:29  Protoss Ground Weapons Level 1 (Chrono Boost)  
  72  6:31  Charge (Chrono Boost), Nexus  
  72  6:38  Pylon  
  72  6:45  Probe x2  
  74  6:49  Assimilator  
  74  6:51  Assimilator  
  74  6:56  Gateway  
  74  6:57  Probe  
  74  7:00  Probe  
  76  7:06  Warp Prism (Chrono Boost)  
  80  7:09  Probe  
  80  7:12  Probe  
  80  7:17  Zealot  
  80  7:18  Zealot x2  
  86  7:28  Pylon  
  86  7:42  Probe x2  
  88  7:45  Forge  
  88  7:47  Gateway  
  88  7:49  Gateway  
  88  7:50  Gateway  
  88  7:56  Zealot x3  
  88  7:57  Zealot  
  96  8:01  Stalker  
  98  8:32  Zealot x4  
  104  8:34  Probe  
  104  8:35  Probe x2  
  107  8:47  Probe x2  
  109  8:54  Protoss Ground Weapons Level 2 (Chrono Boost)  
  105  8:56  Resonating Glaives  
  105  8:59  Protoss Ground Armor Level 1 (Chrono Boost)  
  101  9:11  Robotics Bay  
  101  9:13  Immortal  
  101  9:15  Templar Archives, Zealot  
  101  9:16  Zealot  
  109  9:17  Robotics Facility  
  109  9:21  Assimilator  
  109  9:23  Shield Battery  
  109  9:32  Assimilator  
  109  9:35  Photon Cannon, Pylon  
  109  9:39  Dark Shrine  
  109  9:47  Pylon  
  109  9:49  Pylon  
  109  9:51  Pylon  
  109  9:53  Pylon, Probe x3  
  109  9:59  Gravitic Boosters  
  113  10:00  Disruptor  
  113  10:04  Disruptor  
  113  10:05  Probe x3  
  113  10:06  Zealot x2  
  125  10:17  Probe x2  
  127  10:22  Probe  
  128  10:29  Nexus, Probe  
  128  10:31  Pylon  
  129  10:41  Disruptor x2  
  135  10:45  Zealot x4  
  143  10:58  Protoss Ground Armor Level 2 (Chrono Boost)  
  143  11:11  Dark Templar x4  
  143  11:15  Dark Templar x2  
  143  11:16  Dark Templar  
  153  11:40  Zealot  
  143  12:10  Probe  
  144  12:16  Probe x3  
  145  12:30  Dark Templar x3  
  145  12:32  Dark Templar  
  143  13:05  Protoss Ground Weapons Level 3 (Chrono Boost)  
  139  13:06  Probe x3  
  139  13:07  Probe  
  143  13:17  Stargate x2  
  143  13:18  Disruptor x2, Probe  
  150  13:20  Cybernetics Core  
  150  13:22  Protoss Air Weapons Level 1 (Chrono Boost)  
  127  13:43  Zealot x3  
  127  13:44  Zealot x5  
  143  14:18  Zealot  
  143  14:19  Zealot x5  
  143  14:20  Zealot x2  
  147  14:40  Zealot  
  147  14:41  Zealot x4  
  155  14:55  Fleet Beacon  
  155  15:04  Pylon  
  155  15:05  Pylon  
  155  15:06  Pylon  
  153  15:08  Pylon  
  145  15:26  Nexus  
  145  15:28  Pylon  
  143  15:41  Nexus  
  120  15:44  Pylon, Zealot x5  
  120  15:45  Zealot x3  
  113  16:05  Carrier x2  
  113  16:08  Stargate  
  125  16:11  Stargate  
  125  16:14  Warp Prism  
  125  16:17  Dark Templar x3  
  125  16:18  Dark Templar  
  135  16:21  Protoss Air Armor Level 1 (Chrono Boost)  
  135  16:22  Protoss Air Weapons Level 2 (Chrono Boost)  
  134  16:48  Stalker x4  
  138  17:14  Zealot x2  
  138  17:15  Zealot x5  
  129  17:16  Carrier x4 (Chrono Boost), Zealot  
  155  17:54  Dark Templar  
  156  18:00  Nexus  
  156  18:03  Pylon  
  156  18:10  Carrier x4 (Chrono Boost)  
  130  18:18  High Templar  
  154  18:29  Zealot  
  156  18:38  Zealot x3  
  156  18:48  Shield Battery  
  154  19:08  Protoss Air Armor Level 2 (Chrono Boost)  
  154  19:09  Protoss Air Weapons Level 3 (Chrono Boost)  
  154  19:15  Nexus  
  154  19:17  Pylon  
  154  19:24  Pylon  
  154  19:27  Zealot x2  
  154  19:28  Zealot  
  155  19:46  Nexus  
  155  19:49  Pylon  
  155  19:51  Pylon  
  107  20:12  Zealot  
  79  20:32  Probe x3  
  82  20:45  High Templar x2  
  82  20:46  High Templar  
  88  21:02  Archon  
  88  21:09  High Templar x4  
  88  21:10  High Templar  
  96  21:13  Archon  
  96  21:14  Archon  
  92  21:19  Archon  
  88  21:32  Assimilator  
  88  21:34  Assimilator  
  88  21:38  Pylon  
  88  21:50  Zealot x4  
  88  21:51  Zealot x2  
  80  22:00  Carrier  
  86  22:03  High Templar  
  88  22:14  Zealot x4  
  96  22:24  Zealot  
  96  22:25  Zealot x2  
  102  22:35  High Templar  
  104  22:41  Zealot x3  
  93  22:58  Zealot x4  
  82  23:07  High Templar  
  84  23:13  Zealot  
  84  23:14  Zealot x2  
  89  23:37  Archon  
  89  23:40  Zealot x4  
  89  23:41  Zealot  
  89  23:51  High Templar x2  
  93  23:59  Archon  
  93  24:00  Pylon  
  93  24:03  Shield Battery  
  93  24:05  Zealot x3  
  99  24:21  High Templar  
  101  24:28  Zealot x2  
  101  24:29  Zealot  
  103  24:51  High Templar x2  
  75  25:20  Zealot x4  
  75  25:21  Zealot x2  
  73  25:22  Archon  
  59  25:32  High Templar  
  59  25:33  High Templar  
  63  25:38  Archon  
  63  25:42  Zealot x2  
  53  25:43  Zealot  
Show
View Real Time Build Order
Export as new Build Order

Xenos Protoss - Winner!

Build Orders:  

Get SALT Encoding   

  12  0:00  Probe  
  13  0:12  Probe  
  14  0:18  Pylon  
  14  0:24  Probe  
  15  0:36  Probe  
  15  0:39  Gateway  
  16  0:46  Assimilator  
  16  0:48  Probe  
  17  1:01  Probe  
  18  1:06  Gateway  
  18  1:14  Assimilator  
  18  1:26  Cybernetics Core  
  18  1:27  Probe  
  19  1:40  Probe  
  20  1:47  Pylon  
  19  1:55  Probe  
  20  2:02  Warp Gate  
  20  2:03  Stalker  
  22  2:10  Stalker  
  22  2:13  Probe  
  25  2:35  Shield Battery  
  25  2:38  Stalker  
  25  2:42  Stalker  
  29  2:51  Probe  
  30  3:03  Probe  
  31  3:06  Pylon  
  31  3:24  Stalker x2  
  23  4:08  Stalker x2, Nexus  
  27  4:14  Pylon  
  27  4:23  Probe  
  28  4:48  Stalker x2  
  30  5:01  Probe  
  31  5:08  Twilight Council  
  31  5:13  Probe  
  32  5:18  Robotics Facility  
  32  5:25  Probe  
  33  5:32  Probe (Chrono Boost)  
  34  5:36  Stalker  
  34  5:38  Probe (Chrono Boost)  
  37  5:44  Probe (Chrono Boost)  
  37  5:49  Blink (Chrono Boost), Probe (Chrono Boost)  
  39  5:51  Probe (Chrono Boost)  
  39  5:53  Probe (Chrono Boost)  
  41  6:01  Probe  
  41  6:04  Probe  
  43  6:08  Observer  
  44  6:13  Probe  
  44  6:16  Shield Battery, Probe (Chrono Boost)  
  46  6:25  Probe (Chrono Boost)  
  47  6:28  Probe (Chrono Boost)  
  48  6:35  Probe (Chrono Boost)  
  48  6:36  Stalker, Probe (Chrono Boost)  
  52  6:41  Probe  
  52  6:42  Robotics Bay  
  52  6:45  Probe  
  54  6:53  Probe  
  55  7:00  Stalker x2  
  59  7:08  Probe x2  
  61  7:11  Assimilator  
  61  7:19  Assimilator  
  61  7:20  Probe  
  62  7:24  Pylon  
  62  7:28  Pylon  
  62  7:41  Disruptor (Chrono Boost)  
  62  7:42  Probe x2  
  67  7:52  Nexus  
  67  7:54  Pylon, Probe  
  68  8:02  Gateway  
  68  8:06  Gateway  
  68  8:07  Pylon  
  68  8:08  Probe x2  
  69  8:31  Stalker x2  
  76  9:03  Disruptor (Chrono Boost)  
  76  9:09  Pylon  
  76  9:14  Pylon  
  76  9:28  Nexus  
  76  9:30  Stalker  
  76  9:31  Pylon  
  78  9:34  Pylon  
  78  9:37  Forge  
  78  9:41  Pylon  
  78  9:43  Stalker x3  
  84  9:46  Charge (Chrono Boost), Disruptor (Chrono Boost)  
  87  10:00  Shield Battery  
  87  10:02  Stalker  
  89  10:07  Stalker x3  
  89  10:12  Disruptor (Chrono Boost)  
  98  10:22  Probe x2  
  98  10:24  Protoss Ground Armor Level 1 (Chrono Boost)  
  100  10:30  Stalker x2  
  100  10:31  Stalker  
  100  10:34  Probe  
  105  10:42  Stalker  
  107  10:50  Probe x3  
  110  10:58  Assimilator  
  110  11:01  Gateway  
  110  11:02  Probe x2  
  110  11:03  Probe  
  113  11:05  Zealot x2  
  113  11:14  Probe  
  113  11:18  Zealot x2  
  113  11:26  Zealot  
  113  11:27  Zealot  
  90  11:58  Pylon  
  90  12:01  Photon Cannon, Stalker  
  90  12:02  Stalker x4  
  90  12:04  Photon Cannon  
  100  12:09  Probe x3  
  103  12:18  Photon Cannon  
  103  12:20  Photon Cannon  
  103  12:21  Probe  
  104  12:24  Photon Cannon  
  104  12:27  Photon Cannon  
  103  12:37  Photon Cannon  
  103  12:40  Photon Cannon  
  103  12:48  Zealot x3  
  109  13:09  Zealot x2  
  109  13:10  Zealot x3  
  119  13:53  Stalker x5  
  129  13:57  Disruptor  
  132  14:53  Pylon x2  
  132  14:54  Pylon  
  132  14:58  Pylon  
  132  15:01  Photon Cannon  
  132  15:02  Nexus  
  132  15:05  Pylon  
  132  15:07  Pylon  
  132  15:09  Photon Cannon  
  132  15:12  Stalker  
  132  15:13  Stalker x4  
  141  15:28  Templar Archives  
  126  15:52  Stalker  
  126  15:53  Stalker x4  
  136  16:09  Photon Cannon x2  
  136  16:11  Shield Battery  
  136  16:14  Pylon, Gateway  
  136  16:16  High Templar x2  
  136  16:17  Gateway, High Templar  
  136  16:18  High Templar  
  144  16:19  Zealot  
  144  16:20  Archon  
  144  16:22  Archon  
  146  16:27  Probe  
  146  16:28  Probe x2  
  149  16:38  Photon Cannon  
  150  16:40  Disruptor, Gateway, Probe  
  153  16:53  Zealot x3  
  159  17:07  Zealot x2  
  153  17:48  Zealot  
  153  17:49  Zealot x7  
  169  18:11  Stalker  
  169  18:12  Stalker x7  
  185  18:19  Forge  
  185  18:20  Forge  
  175  18:42  Protoss Ground Weapons Level 1 (Chrono Boost)  
  175  18:43  Stalker x8  
  191  18:53  Probe x3  
  191  18:54  Probe  
  195  19:00  Observer  
  195  19:01  Protoss Ground Armor Level 2 (Chrono Boost)  
  195  19:02  Protoss Shields Level 1 (Chrono Boost)  
  196  19:05  Probe x3  
  199  19:30  Gateway  
  195  19:35  Stalker x6, Gateway  
  195  19:36  Stalker  
  191  19:39  Stalker  
  66  20:24  Stalker x5  
  66  20:25  Stalker x3  
  72  20:30  Stalker  
  72  20:31  Stalker  
  76  20:46  Stalker x3  
  76  20:49  Stalker x2  
  86  20:50  Stalker x4  
  86  20:56  Zealot  
  96  21:25  Stalker  
  98  21:26  Stalker x3  
  104  21:33  Assimilator x2  
  104  21:34  Assimilator  
  104  21:43  Nexus  
  78  21:58  Stalker x3  
  82  22:03  Zealot  
  82  22:04  Zealot x6  
  96  22:23  Zealot x4  
  96  22:24  Zealot x6  
  116  22:38  Protoss Ground Armor Level 3  
  116  22:39  Protoss Ground Weapons Level 2  
  92  23:00  Stalker x4  
  92  23:01  Stalker  
  100  23:07  Shield Battery  
  100  23:19  Stalker  
  102  23:20  Stalker x3  
  100  23:36  Zealot  
  100  23:37  Zealot x5  
  112  24:06  Probe x2  
  112  24:07  Probe x3  
  117  24:16  High Templar x2  
  121  24:17  High Templar  
  121  24:18  Probe, High Templar  
  121  24:19  Zealot  
  121  24:20  Zealot x5  
  121  24:21  Archon  
  121  24:23  Archon  
  136  24:40  Stalker  
  136  24:41  Stalker x3  
  144  24:59  Stalker x3  
  150  25:00  Stalker  
  80  25:29  Stalker x6  
  80  25:31  Zealot x2  
  80  25:32  Zealot x2  
Tags
 
Add a new tag
Caveats
  • Supply blocks, unpowered buildings, or Contaminate may cause inaccurate times.
  • Supply counts are checked every 10 seconds.